 Dungeon Crawl Stone Soup version 0.21-a0-434-g806c6c2 (webtiles) character file.

50 varam the Gusty (level 3, -2/19 HPs)
             Began as a Deep Elf Air Elementalist on Nov 8, 2017.
             Slain by a goblin (3 damage)
             ... led by Robin
             ... on level 3 of the Dungeon.
             The game lasted 00:06:14 (1554 turns).

varam the Gusty (Deep Elf Air Elementalist)         Turns: 1554, Time: 00:06:15

Health: -2/19      AC:  2    Str:  6    XL:     3   Next: 55%
Magic:  14/18      EV: 13    Int: 19    God:
Gold:   41         SH:  0    Dex: 15    Spells: 2/8 levels left

rFire    . . .     SeeInvis .   o - +0 rapier
rCold    . . .     Gourm    .   (no shield)
rNeg     . . .     Faith    +   a - +0 robe
rPois    +         Spirit   .   (no helmet)
rElec    .         Reflect  .   (no cloak)
rCorr    .         Harm     .   (no gloves)
MR       .....                  (no boots)
Stlth    ++........             e - amulet of faith
HPRegen  0.06/turn              i - ring of poison resistance (curse)
MPRegen  0.16/turn              m - ring of magical power

@: very slightly contaminated
A: no striking features
a: no special abilities


You were on level 3 of the Dungeon.
You were not hungry.

You visited 1 branch of the dungeon, and saw 4 of its levels.

You collected 41 gold pieces.

Inventory:

Hand Weapons
 g - a +0 dagger
 o - a +0 rapier (weapon)
Missiles
 f - 30 stones (quivered)
 q - 5 needles of frenzy
Armour
 a - a +0 robe (worn)
 r - a +0 scale mail
Jewellery
 e - an amulet of faith (around neck)
 i - a cursed ring of poison resistance (left hand)
 m - a ring of magical power (right hand)
Scrolls
 d - a scroll of remove curse {unknown}
 h - a scroll of noise {unknown}
 l - a scroll of recharging {unknown}
 p - a scroll of identify {unknown}
Potions
 k - a potion of brilliance {unknown}
Books
 b - a book of Air

   Spells                             Type                      Level
   a - Shock                          Conjuration/Air              1
   b - Swiftness                      Charms/Air                   2
   c - Static Discharge               Conjuration/Air              3
   d - Airstrike                      Air                          4
   e - Lightning Bolt                 Conjuration/Air              5
Comestibles
 c - 2 bread rations
 j - a meat ration
 n - 5 chunks of flesh


   Skills:
 - Level 2.4 Dodging
 - Level 2.4 Stealth
 - Level 3.0 Spellcasting
 + Level 2.8 Conjurations
 + Level 3.9 Air Magic


You had 2 spell levels left.
You knew the following spells:

 Your Spells              Type           Power        Failure   Level  Hunger
a - Shock                 Conj/Air       ###.         3%          1    None
b - Swiftness             Chrm/Air       ##......     11%         2    ##.....
c - Static Discharge      Conj/Air       ###.....     12%         3    ###....


Dungeon Overview and Level Annotations

Branches:
Dungeon (4/15)
 Temple: D:4-7

Altars:
Ashenzari

Annotations:
D:2 Natasha, Robin, Terence
D:4 Ijyb, Sigmund


Message History

Found a meat ration.
There is a stone staircase leading down here.
The hobgoblin barely misses you. The goblin hits you.
The goblin hits you with a club.
You climb downwards.
There is a stone staircase leading up here.
Casting: Shock
Confirm with . or Enter, or press ? or * to list all spells.
Okay, then.
The hobgoblin hits you.
* * * LOW HITPOINT WARNING * * *
Casting: Shock
Confirm with . or Enter, or press ? or * to list all spells.
The goblin is struck by lightning.
You kill the goblin!
The lightning arcs!
You are struck by lightning.
* * * LOW HITPOINT WARNING * * *
The lightning grounds out.
The hobgoblin closely misses you. The goblin hits you.
You die...

####......... #
#.#(....###
#.###......
#.........(
#########........
#............#####
.##.........#
#.g....)...#
#.@g#......#
#.#)#........
#......##....#
#!!.......#.##.#
..............# .#
...............
......###+##.##
...... ... ##....
##


You could see a hobgoblin and a goblin.

Vanquished Creatures
  An adder (D:3)
  An ooze (D:2)
  2 worms
  A dart slug (D:1)
  A leopard gecko (D:1)
  5 bats
  2 giant cockroaches
  4 goblins
  2 hobgoblins (D:1)
  4 kobolds
  A quokka (D:3)
  2 frilled lizards (D:2)
26 creatures vanquished.

Notes
Turn   | Place    | Note
-------+----------+-------------------------------------------
     0 | D:1      | varam the Deep Elf Air Elementalist began the quest for the Orb.
     0 | D:1      | Reached XP level 1. HP: 10/10 MP: 6/6
   164 | D:1      | Reached XP level 2. HP: 15/15 MP: 2/8
   323 | D:1      | Reached skill level 2 in Conjurations
   334 | D:2      | Noticed Natasha
   864 | D:2      | Noticed Terence
  1003 | D:2      | Learned a level 2 spell: Swiftness
  1162 | D:2      | Reached XP level 3. HP: 19/19 MP: 9/9
  1453 | D:3      | Found a shattered altar of Ashenzari.
  1477 | D:4      | Noticed Ijyb
  1478 | D:4      | Noticed Sigmund
  1548 | D:3      | Learned a level 3 spell: Static Discharge
  1550 | D:2      | Noticed Robin
  1554 | D:3      | HP: 1/19 [/static electricity (3)]
  1554 | D:3      | Slain by a goblin

Vault maps used:
D:1:      dpeg_arrival_boxorama
D:2:      minitemple, kennysheep_nub, uniq_terence, uniq_robin, uniq_natasha
D:3:      cheibrodos_ashenzari_chains, kennysheep_boxes
D:4:      uniq_eustachio, uniq_ijyb, uniq_sigmund

Skill      XL: |  1  2 |
---------------+-------+-----
Conjurations   | 2 |  2.8
Dodging        | |  2.4
Stealth        | |  2.4
Spellcasting   | |  3.0
Air Magic      | |  3.9

Action                   || total
-------------------------++-------
Melee: Dagger            ||     1
       Rapier            ||     8
 Cast: Shock             ||    65
       Static Discharge  ||     1
  Eat: Chunk             ||     2
Armor: Robe              ||     6
Dodge: Dodged            ||    29

Table legend:
 A = Spawn XP
 B = Non-spawn XP
 C = Spawn XP percentage of total XP
 D = Spawn monster count
 E = Non-spawn monster count
 F = Spawn count percentage of total count
 G = Total turns spent on level
                    A         B        C        D         E        F      G
               +---------+---------+-------+---------+---------+-------+---------
         Total |       0 |      72 |   0.0 |       0 |      26 |   0.0 |  1554
               +---------+---------+-------+---------+---------+-------+---------
           D:1 |       0 |      28 |   0.0 |       0 |      11 |   0.0 |  1010
           D:2 |       0 |      20 |   0.0 |       0 |       8 |   0.0 |   279
           D:3 |       0 |      24 |   0.0 |       0 |       7 |   0.0 |   257
               +---------+---------+-------+---------+---------+-------+---------
